AoeStats
← [SotC] Legend

Arabia

510326246Analyzed
1v1 RM · 2d ago on Sep 30, 2026· 33m 58s· 2 players
Game mode
Random Map
Map size
Tiny (2 player)
Population
200
Speed
Normal
Resources
Standard
Victory
Conquest
Starting age
Dark Age
Ending age
Imperial Age
RankedLock teamsTeams togetherTeam positionsShared explorationLock speedFull tech treeHidden civsTurbo modeCheats
Victory
Defeat
🇪🇸 Lithuanians · Spain
1690
+20
🇦🇷 Saxons · Argentina
1772
-20
korn
6:34 Loom
9:14 Feudal Age
9:33 Man-at-Arms
11:05 Town Watch
12:29 Double-Bit Axe
12:46 Arson
16:33 Fletching
17:14 Padded Archer Armor
17:10 Horse Collar
17:39 Gold Mining
22:52 Castle Age
22:07 Forging
22:05 Scale Barding Armor
23:28 Bloodlines
24:13 Chain Barding Armor
24:33 Iron Casting
24:52 Husbandry
27:48 Chain Barding Armor
33:37 Wheelbarrow
[SotC] Legend
8:33 Loom
11:30 Feudal Age
11:50 Man-at-Arms
14:01 Double-Bit Axe
20:24 Castle Age
20:18 Padded Archer Armor
20:01 Horse Collar
21:59 Bow Saw
27:57 Town Watch
28:49 Wheelbarrow
28:26 Pikeman
31:22 Fletching
32:25 Bodkin Arrow
32:46 Scale Mail Armor
32:42 Pikeman
Connection lost

Rejoining the realm…

Still unreachable

The connection could not be restored.

Session expired

The server has moved on; the page needs a fresh start.